 Dungeon Crawl Stone Soup version 0.23.1 (webtiles) character file.

Game seed: 2089006639151608131

402 Borgoz the Sneak (level 6, 0/48 HPs)
             Began as a Ghoul Enchanter on Mar 14, 2019.
             Slain by a hound (4 damage)
             ... on level 5 of the Dungeon.
             The game lasted 00:08:45 (4749 turns).

Borgoz the Sneak (Ghoul Enchanter)                  Turns: 4749, Time: 00:08:46

Health: 0/48       AC:  3    Str: 12    XL:     6   Next: 85%
Magic:  0/8        EV: 12    Int: 14    God:
Gold:   308        SH:  0    Dex: 11    Spells: 6/9 levels left

rFire    . . .     SeeInvis .   r - +0 dagger (speed)
rCold    + . .     Gourm    .   (no shield)
rNeg     + + +     Faith    .   b - +0 robe
rPois    ∞         Spirit   .   (no helmet)
rElec    .         Reflect  .   g - scarf {repulsion}
rCorr    .         Harm     .   (no gloves)
MR       +....                  i - +0 pair of boots
Stlth    ++........             (no amulet)
HPRegen  0.00/turn              k - +4 ring of intelligence
MPRegen  0.11/turn              e - ring of protection from magic

@: very slightly contaminated, rotting, repel missiles
A: rotting body, claws 1, carnivore, cold resistance 1, negative energy
resistance 3, inhibited regeneration, torment resistance, unbreathing
a: no special abilities


You were on level 5 of the Dungeon.
You were not hungry.

You visited 2 branches of the dungeon, and saw 7 of its levels.

You collected 308 gold pieces.

Inventory:

Hand Weapons
 f - a +0 rapier
 r - a +0 dagger of speed (weapon)
Missiles
 o - 4 exploding tomahawks (quivered)
Armour
 b - a +0 robe (worn)
 g - a scarf of repulsion (worn)
 i - a +0 pair of boots (worn)
 l - a +0 ring mail
Jewellery
 e - a ring of protection from magic (right claw)
 k - a +4 ring of intelligence (left claw)
 q - an uncursed ring of resist corrosion
Scrolls
 j - a scroll of identify
Potions
 h - 3 potions of brilliance
 m - a potion of flight
Comestibles
 d - 8 rations


   Skills:
 + Level 2.0 Fighting
 * Level 2.9 Short Blades
 * Level 2.6 Armour
 + Level 2.6 Dodging
 + Level 4.3 Stealth
 + Level 2.4 Spellcasting
 + Level 3.1 Hexes
 + Level 0.0 Ice Magic


You had 6 spell levels left.
You knew the following spells:

 Your Spells              Type           Power        Failure   Level  Hunger
a - Corona                Hex            ##.....      6%          1    #......
b - Ensorcelled Hibernat  Hex/Ice        #.....       19%         2    ###....

Your spell library contained the following spells:

 Spells                   Type           Power        Failure   Level  Hunger
 Confuse                  Hex            ##......     19%         3    ###....
 Tukima's Dance           Hex            ##......     19%         3    ###....
 Dazzling Spray           Conj/Hex       #.....       34%         3    ###....


Dungeon Overview and Level Annotations

Branches:
Dungeon (6/15)             Temple (1/1) D:4

Altars:
Dithmenos
Fedhas
Kikubaaqudgha
Makhleb
Nemelex Xobeh
Okawaru
Qazlal
Ru
Trog
Wu Jian


Innate Abilities, Weirdness & Mutations

Your body is rotting away.
You thrive on raw meat.
You are immune to poison.
You have sharp fingernails.
You are carnivorous and can eat meat at any time.
Your flesh is cold resistant. (rC+)
You are immune to negative energy. (rN+++)
You do not regenerate when monsters are visible.
You are immune to unholy pain and torment.
You can survive without breathing.


Message History

The hound bites you but does no damage.
You barely miss the hound.
The hound is heavily wounded.
The hound misses you.
You hit the hound.
The hound is severely wounded.
The hound bites you.
* * * LOW HITPOINT WARNING * * *
You hit the hound.
The hound is severely wounded.
You hit the hound but do no damage.
The hound is severely wounded.
The hound closely misses you.
Casting: Ensorcelled Hibernation (safe; 19% risk of failure)
Confirm with . or Enter, or press ? or * to list all spells.
Aiming: Ensorcelled Hibernation (safe; 19% risk of failure)
Press: ? - help, Shift-Dir - straight line, f/p - hound
Aim: a hound (severely wounded, chance to defeat MR: 47%)
The hound resists with some effort.
The hound bites you.
You die...

... ###.#### #.#
#.# #.# #.#
#.########.#
#######..........#
.........#########
######.##
#.#########.#
#.......@h.[#
#############


You could see a hound.

Vanquished Creatures
  3 hounds (D:4)
  2 orc priests
  An orc wizard (D:3)
  A worker ant (D:5)
  A howler monkey skeleton (D:5)
  7 adders
  2 oozes
  3 worms
  6 dart slugs
  5 leopard geckos
  9 orcs
  A ball python (D:2)
  8 giant cockroaches
  2 goblins (D:1)
  4 hobgoblins
  9 jackals
  4 quokkas
  8 bats
  4 frilled lizards (D:2)
  6 kobolds
  A leopard gecko skeleton (D:4)
  11 rats
98 creatures vanquished.

Notes
Turn   | Place    | Note
-------+----------+-------------------------------------------
     0 | D:1      | Borgoz the Ghoul Enchanter began the quest for the Orb.
     0 | D:1      | Reached XP level 1. HP: 14/14 MP: 2/2
    61 | D:1      | Reached skill level 1 in Short Blades
   400 | D:1      | Reached XP level 2. HP: 15/20 MP: 3/3
   688 | D:1      | Reached XP level 3. HP: 22/27 MP: 4/4
   741 | D:1      | Learned a level 2 spell: Ensorcelled Hibernation
  1021 | D:2      | Reached skill level 1 in Armour
  1279 | D:2      | Reached XP level 4. HP: 13/34 MP: 1/6
  1477 | D:2      | Reached skill level 1 in Fighting
  2149 | D:3      | Found a sacrificial altar of Ru.
  2311 | D:3      | Reached XP level 5. HP: 38/40 MP: 7/7
  2852 | D:3      | Reached skill level 4 in Stealth
  3131 | D:4      | Reached XP level 6. HP: 27/47 MP: 8/8
  3326 | D:4      | HP: 2/48 [orc (5)]
  3700 | D:4      | Found a staircase to the Ecumenical Temple.
  3709 | Temple   | Entered the Ecumenical Temple
  4303 | D:5      | Entered Level 5 of the Dungeon
  4683 | D:6      | Noticed a sky beast
  4749 | D:5      | Slain by a hound

Skill      XL: |  1  2  3  4  5  6 |
---------------+-------------------+-----
Short Blades   | 1 2 |  2.9
Armour         | 1 2 |  2.6
Dodging        | 2 |  2.6
Spellcasting   | 2 |  2.4
Fighting       | 1 2 |  2.0
Stealth        | 4 |  4.3
Hexes          | 3 |  3.1

Action                   |  1- 3 |  4- 6 || total
-------------------------+-------+-------++-------
Melee: Dagger            |   123 |   411 ||   534
 Cast: Corona            |     1 |       ||     1
       Ensorcelled Hiber |     2 |    18 ||    20
  Use: Scroll            |       |    10 ||    10
       Potion            |       |     8 ||     8
 Stab: Sleeping          |     3 |    17 ||    20
  Eat: Chunk             |     5 |    24 ||    29
Armor: Robe              |    38 |    58 ||    96
Dodge: Dodged            |    86 |   263 ||   349
       Deflected         |       |     3 ||     3
